 Dungeon Crawl Stone Soup version 0.27.1-1-g398f81649c (webtiles) character file.

Game seed: 2733390318400031160

317 speeev33 the Skirmisher (level 6, -3/54 (56) HPs)
             Began as a Hill Orc Fighter on Sept 12, 2021.
             Slain by Crazy Yiuf (7 damage)
             ... on level 3 of the Dungeon.
             The game lasted 00:03:30 (2436 turns).

speeev33 the Skirmisher (Hill Orc Fighter)          Turns: 2436, Time: 00:03:30

HP:   -3/54 (56)    AC: 12    Str: 21    XL:     6   Next: 44%
MP:   6/6           EV:  2    Int:  8    God:
Gold: 154           SH:  0    Dex: 10    Spells: 5/5 levels left

rFire    . . .     SeeInvis +   a - +1 war axe (vamp)
rCold    + . .     Faith    .   c - +0 kite shield
rNeg     . . .     Spirit   .   n - +0 plate armour {rC+}
rPois    .         Reflect  .   (no helmet)
rElec    .         Harm     .   i - scarf {+Inv}
rCorr    .         Rampage  .   (no gloves)
Will     .....                  (no boots)
Stlth    ..........             (no amulet)
HPRegen  0.18/turn              g - ring of see invisible
MPRegen  0.10/turn              (no ring)

@: lethally poisoned (-3 -> -12), petrifying, lightly drained, very slow
A: no striking features
a: Evoke Invisibility


You were on level 3 of the Dungeon.
You visited 1 branch of the dungeon, and saw 3 of its levels.

You collected 154 gold pieces.

Inventory:

Hand Weapons
 a - a +1 vampiric war axe (weapon)
 m - a +1 antimagic flail
Armour
 c - a +0 kite shield (worn)
 i - a scarf of invisibility (worn)
 n - a +0 plate armour of cold resistance (worn)
Jewellery
 g - a ring of see invisible (left hand)
Wands
 l - a wand of flame (17)
Scrolls
 e - 2 scrolls of teleportation
 h - a scroll of identify
 k - a scroll of magic mapping
Potions
 b - a potion of lignification
 d - a potion of might
 f - 2 potions of curing
 j - a potion of flight {unknown}


   Skills:
 + Level 5.2 Fighting
 + Level 4.8 Axes
 + Level 4.8 Armour
 + Level 4.7 Shields


You had 5 spell levels left.
You didn't know any spells.
Your spell library was empty.

Dungeon Overview and Level Annotations

Branches:
Dungeon (3/15)

Altars:
Dithmenos
Xom

Annotations:
D:3 Crazy Yiuf


Message History

Here: Crazy Yiuf, wielding a +2 quarterstaff of chaos and wearing a +0 cloak (fire blocked by a runed translucent door)
The floor.
You open the door. You barely miss Crazy Yiuf. You block Crazy Yiuf's attack.
Crazy Yiuf hits you with a +2 quarterstaff of chaos.
You feel drained.
You slash Crazy Yiuf!
Crazy Yiuf is moderately wounded.
Crazy Yiuf hits you with a +2 quarterstaff of chaos!
You are electrocuted!!
You completely miss Crazy Yiuf.
Crazy Yiuf is moderately wounded.
You block Crazy Yiuf's attack. Crazy Yiuf hits you but does no damage.
You hit Crazy Yiuf but do no damage.
Crazy Yiuf is moderately wounded.
You block Crazy Yiuf's attack.
You barely miss Crazy Yiuf.
Crazy Yiuf is moderately wounded.
Crazy Yiuf hits you but does no damage.
Crazy Yiuf hits you with a +2 quarterstaff of chaos.
Crazy Yiuf burns you.
You hit Crazy Yiuf.
Crazy Yiuf is severely wounded.
Crazy Yiuf grits, "Citrus forty-two alas!"
Crazy Yiuf hits you with a +2 quarterstaff of chaos.
You are poisoned.
You hit Crazy Yiuf.
You feel better.
Crazy Yiuf is almost dead.
You feel very sick.
Crazy Yiuf hits you with a +2 quarterstaff of chaos!
* * * LOW HITPOINT WARNING * * *
You are slowing down.
Crazy Yiuf hits you but does no damage.
You are more poisoned.
You barely miss Crazy Yiuf.
Crazy Yiuf is almost dead.
* * * LOW HITPOINT WARNING * * *
You feel extremely sick.
Crazy Yiuf hits you with a +2 quarterstaff of chaos!
You die...

#..>.###
#..........#
.......#
#..........#
######.#
#..........# #.#
############ #.#
#.########
#.#.#..#.### ###
#.......#..##...#
#.....P####@g...#
##..#.## ###..)#
###### ###


You could see Crazy Yiuf.

Vanquished Creatures
  Sigmund (D:3)
  A hound (D:3)
  Terence (D:3)
  2 adders
  An ufetubus (D:3)
  2 worms
  2 dart slugs
  4 orcs (D:3)
  5 endoplasms
  3 giant cockroaches
  6 hobgoblins
  3 jackals (D:2)
  4 kobolds
  2 quokkas
  7 ball pythons
  7 bats
  2 frilled lizards (D:3)
  8 goblins
  7 rats
68 creatures vanquished.

Vanquished Creatures (others)
  6 demonic plants (D:1)
  6 fungi
  5 plants (D:1)
  5 withered plants (D:1)
22 creatures vanquished.

Grand Total: 90 creatures vanquished

Notes
Turn   | Place    | Note
-------+----------+-------------------------------------------
     0 | D:1      | speeev33 the Hill Orc Fighter began the quest for the Orb.
     0 | D:1      | Reached XP level 1. HP: 19/19 MP: 1/1
    47 | D:1      | Reached XP level 2. HP: 17/27 MP: 2/2
   376 | D:1      | Reached skill level 4 in Fighting
   388 | D:1      | Found a faded altar of an unknown god.
   405 | D:1      | Reached XP level 3. HP: 33/33 MP: 3/3
   611 | D:1      | Found a shadowy altar of Dithmenos.
  1215 | D:2      | Reached XP level 4. HP: 39/40 MP: 4/4
  1599 | D:3      | Noticed Terence
  1605 | D:3      | Killed Terence
  1862 | D:3      | Reached XP level 5. HP: 47/47 MP: 5/5
  1875 | D:3      | Noticed Sigmund
  1887 | D:3      | Killed Sigmund
  1888 | D:3      | Reached skill level 5 in Fighting
  1888 | D:3      | Reached XP level 6. HP: 14/56 MP: 6/6
  2191 | D:3      | Found a shimmering altar of Xom.
  2424 | D:3      | Found a runed translucent door.
  2425 | D:3      | Noticed Crazy Yiuf
  2436 | D:3      | Slain by Crazy Yiuf

Illustrated notes

Levels and vault maps discovered:
D:1:      dpeg_arrival_water_altar, layout_rooms, shapermc_ecumenical_altar_gd
D:2:      layout_loops_corners, minmay_octomino_c4
D:3:      layout_rooms, lemuel_crystal_altar, uniq_crazy_yiuf_cottage,
          uniq_sigmund, uniq_terence

Skill      XL: |  1  2  3  4  5 |
---------------+----------------+-----
Axes           | 3 4 |  4.8
Fighting       | 4 5 |  5.2
Armour         | 4 |  4.8
Shields        | 4 |  4.7

Action                   |  1- 3 |  4- 6 || total
-------------------------+-------+-------++-------
Melee: War axe           |    98 |    96 ||   194
  Use: Scroll            |     4 |     4 ||     8
       Potion            |       |     1 ||     1
Armor: Scale mail        |    46 |       ||    46
       Chain mail        |    12 |    23 ||    35
       Plate armour      |       |    36 ||    36
Dodge: Dodged            |    34 |    14 ||    48
Block: Kite shield       |    54 |    59 ||   113
